AoeStats
← Sir Well-Endowed

Arena

508154805Analyzed
3v3 RM · 12d ago on Sep 21, 2026· 50m 48s· 6 players
Game mode
Random Map
Map size
Normal (6 player)
Population
200
Speed
Normal
Resources
Standard
Victory
Conquest
Starting age
Dark Age
Ending age
Imperial Age
RankedLock teamsTeams togetherTeam positionsShared explorationLock speedFull tech treeHidden civsTurbo modeCheats
Victory
Defeat
🇨🇦 Jurchens · Canada
1285
+12
🇨🇦 Sicilians · Canada
1247
+13
🇨🇦 Romans · Canada
1176
+16
🇨🇳 Saracens · China
1270
-17
🇲🇽 Britons · Mexico
1204
-14
🇨🇴 Georgians · Colombia
1079
-10
EXILS_ANDRENUS
11:17 Feudal Age
15:06 Castle Age
14:40 Double-Bit Axe
14:38 Horse Collar
15:37 Loom
16:21 Bow Saw
20:45 Heavy Plow
22:52 Fletching
24:22 Bodkin Arrow
27:18 Wheelbarrow
27:23 Gold Mining
27:51 Padded Archer Armor
30:00 Leather Archer Armor
30:35 Gold Shaft Mining
31:01 Ballistics
31:34 Hand Cart
34:18 Imperial Age
34:47 Husbandry
35:00 Bloodlines
35:07 Forging
35:11 Scale Barding Armor
35:07 Elite Mameluke
36:11 Conscription
38:42 Chemistry
37:12 Light Cavalry
39:12 Iron Casting
38:58 Chain Barding Armor
40:09 Fortified Wall
41:00 Hussar
47:40 Plate Barding Armor
48:06 Blast Furnace
49:58 Heavy Camel Rider
DSLG | Maxteel97
10:53 Feudal Age
11:10 Loom
14:48 Castle Age
14:06 Double-Bit Axe
27:29 Crossbowman
29:20 Horse Collar
32:04 Fletching
33:51 Bodkin Arrow
34:07 Forging
36:29 Wheelbarrow
36:40 Forging
39:11 Imperial Age
37:56 Padded Archer Armor
40:06 Ballistics
40:31 Bracer
40:27 Arbalester
44:11 Chemistry
45:44 Hand Cart
45:16 Man-at-Arms
45:18 Pikeman
EXILS_POLLO
5:00 Loom
10:40 Feudal Age
12:48 Wheelbarrow
12:18 Double-Bit Axe
12:15 Horse Collar
18:29 Castle Age
18:00 Bloodlines
19:14 Husbandry
19:25 Scale Barding Armor
21:58 Forging
22:42 Gold Mining
22:43 Stone Mining
23:09 Bow Saw
23:05 Heavy Plow
29:42 Svan Towers
30:49 Redemption
33:52 Imperial Age
32:31 Hand Cart
32:01 Town Watch
33:09 Iron Casting
35:24 Conscription
36:12 Chain Barding Armor
36:53 Blast Furnace
35:49 Pikeman
36:29 Squires
36:14 Arson
38:05 Halberdier
38:34 Gambesons
39:42 Scale Mail Armor
40:18 Plate Barding Armor
41:47 Aznauri Cavalry
41:11 Elite Monaspa
42:08 Scale Mail Armor
43:46 Chemistry
44:31 Ballistics
44:17 Siege Engineers
44:33 Light Cavalry
45:51 Hussar
47:58 Chain Mail Armor
48:17 Fletching
50:19 Bodkin Arrow
51:07 Plate Mail Armor
51:31 Crop Rotation
Sir Well-Endowed
6:54 Loom
9:33 Feudal Age
10:00 Double-Bit Axe
10:12 Horse Collar
16:07 Fletching
18:10 Wheelbarrow
19:14 Scale Mail Armor
26:53 Castle Age
25:47 Stone Mining
25:48 Gold Mining
27:30 Pikeman
28:54 Bodkin Arrow
29:53 Hand Cart
29:47 Town Watch
30:18 Bow Saw
30:10 Heavy Plow
38:47 Imperial Age
36:32 Squires
36:46 Forging
38:18 Chain Mail Armor
38:38 Iron Casting
38:18 Masonry
38:35 Ballistics
39:22 First Crusade
39:22 Halberdier
40:33 Plate Mail Armor
40:22 Bracer
41:39 Blast Furnace
40:11 Capped Ram
40:59 Arson
42:04 Stone Shaft Mining
41:29 Siege Ram
41:45 Elite Serjeant
42:58 First Crusade
43:41 Hoardings
43:15 Siege Engineers
42:36 Man-at-Arms
43:02 Gambesons
44:53 Heavy Scorpion
46:00 Padded Archer Armor
46:55 Hoardings
46:41 Conscription
46:17 Long Swordsman
47:01 Caravan
48:56 Murder Holes
48:47 Arrowslits
50:02 Chemistry
Emperor Lung Wang
10:13 Feudal Age
9:59 Loom
14:04 Castle Age
12:54 Double-Bit Axe
18:04 Bow Saw
27:47 Wheelbarrow
27:44 Scale Barding Armor
29:08 Husbandry
29:34 Gold Mining
29:57 Bloodlines
31:34 Chain Barding Armor
32:26 Forging
37:47 Imperial Age
36:27 Iron Casting
36:25 Stone Mining
36:57 Hand Cart
39:57 Chemistry
40:09 Plate Barding Armor
39:16 Elite Iron Pagoda
42:02 Siege Engineers
43:04 Blast Furnace
42:53 Caravan
48:09 Conscription
49:16 Fortified Wall
49:48 Horse Collar
Genghis Dong
2:43 Loom
11:49 Feudal Age
17:51 Castle Age
16:15 Scale Mail Armor
17:59 Stone Mining
17:56 Double-Bit Axe
19:09 Forging
18:50 Pikeman
20:17 Bow Saw
20:26 Squires
28:32 Ballistas
28:47 Chain Mail Armor
28:44 Town Watch
28:52 Gold Mining
28:51 Horse Collar
30:09 Ballistics
33:13 Iron Casting
33:37 Gold Shaft Mining
33:19 Fletching
40:00 Imperial Age
38:06 Wheelbarrow
39:01 Caravan
41:31 Conscription
41:10 Heavy Scorpion
41:44 Halberdier
43:28 Blast Furnace
44:04 Fortified Wall
48:19 Siege Engineers
48:20 Man-at-Arms
Connection lost

Rejoining the realm…

Still unreachable

The connection could not be restored.

Session expired

The server has moved on; the page needs a fresh start.